 Dungeon Crawl Stone Soup version 0.26-a0-451-gacbe401039 (webtiles) character file.

Game seed: 9809218033672311714

3 MrRokkomies the Sneak (level 1, 0/19 HPs)
             Began as a Palentonga Delver on July 28, 2020.
             Slain by a howler monkey (1 damage)
             ... on level 4 of the Dungeon.
             The game lasted 00:00:55 (39 turns).

MrRokkomies the Sneak (Palentonga Delver)             Turns: 39, Time: 00:00:57

Health: 0/19       AC:  4    Str: 15    XL:     1   Next: 41%
Magic:  1/1        EV:  9    Int: 10    God:
Gold:   0          SH:  0    Dex: 11    Spells: 0/0 levels left

rFire    . . .     SeeInvis +   h - +1 battleaxe (elec)
rCold    . . .     Faith    .   (shield currently unavailable)
rNeg     . . .     Spirit   .   b - +0 leather armour
rPois    .         Reflect  .   (no helmet)
rElec    .         Harm     .   (no cloak)
rCorr    .                      (no gloves)
MR       .....                  (boots restricted)
Stlth    ++........             (no amulet)
HPRegen  0.06/turn              (no ring)
MPRegen  0.07/turn              (no ring)

@: hasted, very quick
A: large, rugged brown scales 3, see invisible, deformed body, roll, armoured
tail
a: Rolling Charge


You were on level 4 of the Dungeon.
You visited 1 branch of the dungeon, and saw 2 of its levels.

Inventory:

Hand Weapons
 a - a +0 mace
 h - a +1 battleaxe of electrocution (weapon)
Armour
 b - a +0 leather armour (worn)
Wands
 g - a wand of digging (3)
Scrolls
 c - a scroll of fog
 d - a scroll of magic mapping
 e - a scroll of fear


   Skills:
 * Level 3.1 Fighting
 * Level 0.4(1.3) Axes
 - Level 2.0 Maces & Flails
 + Level 1.6 Dodging
 - Level 3.3 Stealth


You couldn't memorise any spells.
You didn't know any spells.
Your spell library was empty.

Dungeon Overview and Level Annotations

Branches:
Dungeon (5/15)
 Temple: D:4-7

Altars:
Gozag


Innate Abilities, Weirdness & Mutations

You are completely covered in rugged brown scales. (AC +3, +7% HP)
You have supernaturally acute eyesight. (SInv)
Armour fits poorly on your strangely shaped body.
You can roll at foes to attack.
You have a long armoured tail.


Message History

The howler monkey is moderately wounded.
The howler monkey barely misses you.
The orc wizard casts a spell.
The orc wizard seems to speed up.
You closely miss the howler monkey.
The howler monkey is moderately wounded.
The howler monkey barely misses you. x2
You barely miss the howler monkey. You tail-slap the howler monkey.
The howler monkey is heavily wounded.
The orc wizard looks satisfied for a moment.
The howler monkey hoots and howls with incredible vigour!
A giant cockroach comes into view.
You hear a shout!
You hit the howler monkey.
The howler monkey is severely wounded.
The orc wizard gestures wildly while chanting.
The orc wizard blinks!
The howler monkey hits you but does no damage.
The howler monkey hits you.
You die...

### #.# #.. #.#
..## #..##.## .
#......#..
#@###..... .
#h#.[... ..#
###o#..##
#..#.sor...#
#.........#..
##.............
#............##
..............#
#.._.).....)..#


You could see a howler monkey (catching breath), an orc wizard (fast), an orc, a
quokka and a giant cockroach.

Vanquished Creatures
  An orc (D:4)
  A giant cockroach (D:4)
2 creatures vanquished.

Notes
Turn   | Place    | Note
-------+----------+-------------------------------------------
     0 | D:5      | MrRokkomies the Palentonga Delver began the quest for the
                  | Orb.
     0 | D:5      | Reached XP level 1. HP: 19/19 MP: 1/1
     2 | D:5      | Noticed a phantom
    15 | D:4      | Found an opulent altar of Gozag.
    15 | D:4      | Noticed a howler monkey
    18 | D:4      | Noticed an orc wizard
    18 | D:4      | Noticed an orc wizard
    29 | D:4      | Noticed an orc wizard
    39 | D:4      | Slain by a howler monkey

Illustrated notes

Levels and vault maps discovered:
D:4:      layout_rooms, overflow_temple_1_default, marbit_many_paths,
          st_stairs_1, grunt_decor_resistance
D:5:      layout_rooms, minmay_temple_entry_large_hall, dk_vineyard_1,
          minmay_manual_mess

Action                   || total
-------------------------++-------
Melee: Battleaxe         ||    12
       Tailslap          ||     1
  Use: Potion            ||     1
Armor: Leather armour    ||     4
Dodge: Dodged            ||     9

Table legend: (Time is in decaauts)
 A = Elapsed time spent in this place.
 B = Non-inter-level travel time spent in this place.
 C = Inter-level travel time spent in this place.
 D = Time resting spent in this place.
 E = Time spent auto-exploring this place.
 F = Levels seen in this place.
 G = Mean time per level.
                   A        B        C        D        E       F      G
               +--------+--------+--------+--------+--------+-----+--------+
         Total |     40 |     40 |      0 |      0 |      2 |   2 |   20.0 |
       Dungeon |     40 |     40 |      0 |      0 |      2 |   2 |   20.0 |
               +--------+--------+--------+--------+--------+-----+--------+

Top non-repeatable levels by time:
     D:4: 25 daAuts
     D:5: 15 daAuts
